 Dungeon Crawl Stone Soup version 0.32-a0-953-g508020473e (webtiles) character file.

Game seed: 7905116310152423396

6 HilariousDeathArtist the Trooper (level 1, -9/18 HPs)
             Began as a Coglin Cinder Acolyte on Apr 16, 2024.
             Was a High Priest of Ignis.
             Mangled by a gnoll
             ... wielding a +0 flail
              (10 damage)
             ... on level 1 of the Dungeon.
             The game lasted 00:00:59 (217 turns).

HilariousDeathArtist the Trooper (CoCA)              Turns: 217, Time: 00:00:59

Health: -9/18      AC:  2    Str: 14    XL:     1   Next: 90%
Magic:  2/2        EV: 10    Int: 13    God:    Ignis [*****.]
Gold:   41         SH:  0    Dex:  9    Spells: 2/2 levels left

rFire   + . .        a - -1 hand axe (flame) {Gota}
rCold   . . .        c - +0 dagger {Li}
rNeg    . . .        b - +0 robe
rPois   .            (no helmet)
rElec   .            (no cloak)
rCorr   .            (no gloves)
SInv    .            (no boots)
Will    .....        (amulet unavailable)
Stlth   +            (ring unavailable)
HPRegen 0.23/turn    (ring unavailable)
MPRegen 0.08/turn    (no gizmo)

%: no passive effects
@: revved
A: off-hand wielding, slow wielding, warmup strikes, no jewellery
a: Invent Gizmo, Renounce Religion, Fiery Armour, Foxfire Swarm, Rising Flame


You were on level 1 of the Dungeon.
You worshipped Ignis.
Ignis was extremely pleased with you.
You visited 1 branch of the dungeon, and saw 1 of its levels.

You collected 41 gold pieces.

Inventory:

Hand Weapons
 a - a -1 hand axe of flaming (weapon) {Gota}
 c - a +0 dagger (offhand) {Li}
Armour
 b - a +0 robe (worn)
Scrolls
 e - a scroll of fear {unknown}
 f - a scroll of enchant weapon {unknown}
 g - a scroll of fog {unknown}
Potions
 d - a potion of magic {unknown}


   Skills:
 + Level 3.4 Fighting
 - Level 3.0 Axes
 - Level 1.0 Spellcasting
 - Level 2.6 Fire Magic


You had 2 spell levels left.
You didn't know any spells.
Your spell library contained the following spells:

 Spells                   Type           Power      Damage    Failure   Level
 Scorch                   Fire           14%        2d5       14%         2
 Apportation              Tloc           0%         N/A       28%         1
 Jinxbite                 Hex            0%         N/A       38%         2
 Alistair's Intoxication  Alch           0%         N/A       100%        5


Dungeon Overview and Level Annotations

Branches:
Dungeon (1/15)

Altars:


Innate Abilities, Weirdness & Mutations

You can wield a second weapon in your off-hand.
It takes a long time for you to wield or remove held weapons.
Your first few attacks do less damage.
You cannot equip rings or amulets.


Message History

An endoplasm is nearby!
The endoplasm hits you but does no damage.
You hit the endoplasm with your +0 dagger.
You hit the endoplasm with your -1 hand axe of flaming.
You burn the endoplasm.
You kill the endoplasm!
No target in view!
No target in view!
No target in view!
You now have 18 gold pieces (gained 10).
You pick up a book of Party Tricks and begin reading...
You add the spells Apportation, Jinxbite and Alistair's Intoxication to your library.
Unknown command.
Okay, then.
Nothing quivered!
You now have 24 gold pieces (gained 6).
You now have 41 gold pieces (gained 17).
A frilled lizard comes into view.
The frilled lizard hisses angrily.
A frilled lizard is nearby!
The frilled lizard completely misses you.
You barely miss the frilled lizard with your -1 hand axe of flaming.
You hit the frilled lizard with your +0 dagger.
You kill the frilled lizard!
No target in view!
No target in view!
No target in view!
e - a scroll labelled YTTUOM JEROV
f - a scroll labelled FETWICROBYC No target in view!
You open the door.
A giant cockroach comes into view.
A giant cockroach is nearby!
There is an open door here.
The helpless giant cockroach fails to defend itself.
You hit the giant cockroach but do no damage.
You hit the giant cockroach with your -1 hand axe of flaming.
You burn the giant cockroach.
You kill the giant cockroach!
g - a scroll labelled SERGHY DOWEIC A ball python comes into view.
Found an escape hatch in the floor.
Found a scroll labelled FETWICROBYC.
Found a stone staircase leading down.
A ball python comes into view.
You slash the ball python with your -1 hand axe of flaming!
You burn the ball python.
You kill the ball python!
A ball python is nearby!
A ball python is nearby!
The ball python hisses angrily.
You barely miss the ball python with your -1 hand axe of flaming.
You closely miss the ball python with your +0 dagger.
The ball python misses you. x2; The ball python bites you.
The ball python grabs you. The ball python constricts you.
You take 4 damage, and have 14/18 hp.
MASSIVE DAMAGE!!
You closely miss the ball python with your -1 hand axe of flaming.
You hit the ball python but do no damage.
The ball python bites you but does no damage.
The ball python constricts you.
You take 1 damage, and have 13/18 hp.
You hit the ball python with your +0 dagger.
You hit the ball python with your -1 hand axe of flaming.
You burn the ball python.
You kill the ball python!
No target in view!
No target in view!
No target in view!
Unknown command.
A gnoll comes into view. It is wielding a +0 flail.
The gnoll shouts!
Health restored: 18 A gnoll is nearby!
A gnoll is nearby!
You barely miss the gnoll with your +0 dagger.
You hit the gnoll with your -1 hand axe of flaming.
You burn the gnoll. The gnoll closely misses you.
You barely miss the gnoll with your -1 hand axe of flaming.
You hit the gnoll but do no damage. The gnoll hits you with a +0 flail.
You take 6 damage, and have 12/18 hp.
MASSIVE DAMAGE!!
You hit the gnoll with your -1 hand axe of flaming.
You burn the gnoll. You hit the gnoll with your +0 dagger.
The gnoll hits you with a +0 flail!
Ouch! That really hurt!
* * * LOW HITPOINT WARNING * * *
You take 11 damage, and have 1/18 hp.
MASSIVE DAMAGE!!
Unknown command.
Okay, then.
You aren't carrying any items that you can evoke.
Unknown command.
Okay, then.
You hit the gnoll but do no damage.
You barely miss the gnoll with your +0 dagger.
The gnoll hits you with a +0 flail!
Ouch! That really hurt!
You die...
Ignis goes out, and joins you in death.

###.....#....#.#
#.....†......#.#
#......##....#.#
#......##....#.#
#............#.#
#.........#..#.#
###..............
..........##..>#..#
.........@g......>#
.!...####....P...
..... #.P....PP
.... #.P..P.PP ...
#..PP...P ...
..P.....P #.P...PPP
#..P.PP).


You could see a gnoll.

Vanquished Creatures
  2 ball pythons (D:1)
  An endoplasm (D:1)
  A giant cockroach (D:1)
  A frilled lizard (D:1)
5 creatures vanquished.

Notes
Turn   | Place    | Note
-------+----------+-------------------------------------------
     0 | D:1      | HilariousDeathArtist the Coglin Cinder Acolyte began the
                  | quest for the Orb.
     0 | D:1      | Reached XP level 1. HP: 18/18 MP: 2/2
   216 | D:1      | HP: 1/18 [gnoll/+0 flail (11)]
   217 | D:1      | Mangled by a gnoll

Illustrated notes

Levels and vault maps discovered:
D:1:      lightli_arrival_windingriver, layout_basic, minmay_misc_feat_doors,
          nicolae_grassy_gnolls

Action                     || total
---------------------------++-------
  Melee: Hand axe          ||    11
         Dagger            ||    10
   Stab: Sleeping          ||     1
 Armour: Robe              ||     8
  Dodge: Dodged            ||     4

Table legend: (Time is in decaauts)
 A = Elapsed time spent in this place.
 B = Non-inter-level travel time spent in this place.
 C = Inter-level travel time spent in this place.
 D = Time resting spent in this place.
 E = Time spent auto-exploring this place.
 F = Levels seen in this place.
 G = Mean time per level.
                   A        B        C        D        E       F      G
               +--------+--------+--------+--------+--------+-----+--------+
         Total |    219 |    219 |      0 |      0 |    182 |   1 |  219.0 |
       Dungeon |    219 |    219 |      0 |      0 |    182 |   1 |  219.0 |
               +--------+--------+--------+--------+--------+-----+--------+

Top non-repeatable levels by time:
     D:1: 219 daAuts

Levels and vault maps discovered:
D:1:      lightli_arrival_windingriver, layout_basic, minmay_misc_feat_doors,
          nicolae_grassy_gnolls

Table legend: (Time is in decaauts)
 A = Elapsed time spent in this place.
 B = Non-inter-level travel time spent in this place.
 C = Inter-level travel time spent in this place.
 D = Time resting spent in this place.
 E = Time spent auto-exploring this place.
 F = Levels seen in this place.
 G = Mean time per level.
                   A        B        C        D        E       F      G
               +--------+--------+--------+--------+--------+-----+--------+
         Total |    219 |    219 |      0 |      0 |    182 |   1 |  219.0 |
       Dungeon |    219 |    219 |      0 |      0 |    182 |   1 |  219.0 |
               +--------+--------+--------+--------+--------+-----+--------+

Top non-repeatable levels by time:
     D:1: 219 daAuts

Table legend:
 A = Kills in this place as a percentage of kills in the entire game.
 B = Kills by you in this place as a percentage of kills by you in the entire game.
 C = Kills by friends in this place as a percentage of kills by friends in the entire game.
 D = Other kills in this place as a percentage of other kills in the entire game.
 E = Experience gained in this place as a percentage of experience gained in the entire game.
 F = Experience gained in this place divided by the number of levels of this place that you have seen.
                   A       B       C       D       E      F
               +-------+-------+-------+-------+-------+----------------------
         Total | 100.0 | 100.0 |   N/A |   N/A | 100.0 |   9.0
       Dungeon | 100.0 | 100.0 |   N/A |   N/A | 100.0 |   9.0
               +-------+-------+-------+-------+-------+----------------------
